 Dungeon Crawl Stone Soup version 0.31.0 (webtiles) character file.

Game seed: 2058309060230205924

107 solopath the Trooper (level 4, 0/49 HPs)
             Began as an Oni Berserker on Jan 20, 2024.
             Was a Believer of Trog.
             Slain by a black bear (4 damage)
             ... on level 3 of the Dungeon.
             The game lasted 00:01:26 (2274 turns).

solopath the Trooper (Oni Berserker)                Turns: 2274, Time: 00:01:27

Health: 0/49       AC:  3    Str: 23    XL:     4   Next: 86%
Magic:  4/4        EV: 10    Int:  8    God:    Trog [**....]
Gold:   129        SH:  0    Dex:  8    Spells: 3/3 levels left

rFire   . . .        a - +0 mace
rCold   . . .        (no shield)
rNeg    . . .        b - +0 animal skin
rPois   .            (helmet restricted)
rElec   .            (no cloak)
rCorr   .            (gloves unavailable)
SInv    .            (boots unavailable)
Will    .....        (no amulet)
Stlth   +            (no ring)
HPRegen 0.28/turn    (no ring)
MPRegen 0.09/turn

%: no passive effects
@: no status effects
A: large, unfitting armour, horns 1, tough skin 1, double potion healing,
drunken brawling
a: Renounce Religion, Berserk, Trog's Hand


You were on level 3 of the Dungeon.
You worshipped Trog.
Trog was pleased with you.
You visited 1 branch of the dungeon, and saw 3 of its levels.

You collected 129 gold pieces.

Inventory:

Hand Weapons
 a - a +0 mace (weapon)
Missiles
 g - 6 silver javelins (quivered)
Armour
 b - a +0 animal skin (worn)
Jewellery
 i - an amulet of magic regeneration
Scrolls
 c - 3 scrolls of teleportation {unknown}
 d - 5 scrolls of identify {unknown}
 e - a scroll of amnesia {unknown}
Potions
 f - 2 potions of curing {unknown}
 h - a potion of magic {unknown}


   Skills:
 + Level 4.9 Fighting
 * Level 4.9 Maces & Flails
 - Level 2.6 Dodging


You had 3 spell levels left.
You didn't know any spells.
Your spell library was empty.

Dungeon Overview and Level Annotations

Branches:
Dungeon (3/15)

Altars:


Innate Abilities, Weirdness & Mutations

You are too large for most types of armour.
You have a pair of small horns on your head.
You have tough skin. (AC +1)
You gain doubled healing and magic from potions.
Whenever you drink a healing potion, you attack all around you.


Message History

Found a brass wand.
You hit the black bear but do no damage.
You headbutt the black bear.
The black bear is lightly wounded.
A giant cockroach comes into view.
The black bear closely misses you. x2; The black bear claws you.
You barely miss the black bear.
The black bear is lightly wounded.
The black bear bites you but does no damage.
The black bear claws you but does no damage. x2
You hit the black bear.
The black bear is moderately wounded.
The black bear bites you. The black bear claws you. x2
You hit the black bear.
The black bear is moderately wounded.
The black bear bites you.
The black bear claws you but does no damage. x2
You thump the black bear! Your headbutt misses the black bear.
The black bear is heavily wounded.
The black bear bites you!
The black bear claws you but does no damage.
The black bear misses you. The black bear bites you. The black bear claws you.
The black bear claws you but does no damage.
You sock the black bear! Your headbutt misses the black bear.
The black bear is almost dead.
The black bear completely misses you. The black bear claws you. x2
You hit the black bear but do no damage.
The black bear is almost dead.
The black bear goes berserk!
You hit the black bear.
The black bear is almost dead.
The black bear bites you! The black bear closely misses you.
The black bear claws you.
You are too injured to fight recklessly!
A black bear is nearby!
Unknown command.
You fail to use your ability.
The black bear bites you!
* * * LOW HITPOINT WARNING * * *
The black bear closely misses you. The black bear claws you.
You die...

### ..# ...........#
..# ........../# ..#
...........# ..#
...:......)# ..#
...........# ..#
...........# ####
.......h...# ##..
.......@...# .#.#
...........# .#.###
#######....#
.#..<##### ##.####
..##.#...# ##..#
#....#...# ###..######
#†)###...# #.........#
.....#..[###.#.......#
...#.#...'...#.......#


You could see a black bear (berserk).

Vanquished Creatures
  A bombardier beetle (D:3)
  3 adders
  A dart slug (D:1)
  4 ball pythons
  3 bats
  7 endoplasms
  3 giant cockroaches
  3 hobgoblins
  2 jackals (D:1)
  2 quokkas
  A frilled lizard (D:3)
  2 goblins
  5 kobolds
  7 rats
44 creatures vanquished.

Notes
Turn   | Place    | Note
-------+----------+-------------------------------------------
     0 | D:1      | solopath the Oni Berserker began the quest for the Orb.
     0 | D:1      | Reached XP level 1. HP: 24/24 MP: 1/1
   173 | D:1      | Reached XP level 2. HP: 32/32 MP: 2/2
   529 | D:1      | Reached XP level 3. HP: 14/40 MP: 3/3
  2038 | D:3      | Reached XP level 4. HP: 19/49 MP: 4/4
  2262 | D:3      | Noticed a black bear
  2263 | D:3      | Reached ** piety under Trog
  2274 | D:3      | Slain by a black bear

Illustrated notes

Levels and vault maps discovered:
D:1:      lemuel_arrival_funnel, layout_basic, corexii_item_surrounded_by_moat,
          chequers_jeans, minmay_3d_cube
D:2:      layout_loops_corners
D:3:      layout_basic

Skill      XL: |  1  2  3 |
---------------+----------+-----
Maces & Flails | 4 |  4.9
Fighting       | |  4.9
Dodging        | |  2.6

Action                     |  1- 3 |  4- 6 || total
---------------------------+-------+-------++-------
  Melee: Mace              |    92 |    23 ||   115
         Headbutt          |     5 |     6 ||    11
 Invoke: Berserk           |       |     1 ||     1
   Stab: Sleeping          |     1 |       ||     1
 Armour: Animal skin       |    49 |    36 ||    85
  Dodge: Dodged            |    45 |    15 ||    60
